General information
- name: BNet
- type: Ladder team game (AT/RT)
- host: Battle.net
- saver: LivingStrong
map: Typhoon
- players: 6
- length: 13:45
- speed: Fast
- version: 1.24 W3XP
- replay type: Public
» download(125 KB)
Players
team 1 (winner)
I.Love.Big.Tits (
green | 140 APM | 1928 actions | 13:45)
4 Death Knight
2 Death Coil
2 Unholy Aura
2 Lich
1 Frost Nova
1 Frost Armor
2 Crypt Lord
1 Impale
1 Spiked Carapace
» actions
| Assign group hotkey | 972 | |
| Basic commands | 123 | |
| Build / train | 61 | |
| Enter build submenu | 21 | |
| Enter hero's abilities submenu | 8 | |
| Right click | 322 | |
| Select / deselect | 231 | |
| Select group hotkey | 128 | |
| Use ability | 62 | |
1928 total
» units
| Acolyte | 3 | |
| Ghoul | 1 | |
| Crypt Fiend | 18 | |
| Obsidian Statue | 2 | |
| Frost Wyrm | 1 | |
25 total
» upgrades
» buildings
| Graveyard | 1 | |
| Crypt | 1 | |
| Ziggurat | 9 | |
| Altar of Darkness | 1 | |
| Nerubian Tower | 2 | |
| Tomb of Relics | 1 | |
| Halls of the Dead | 5 | |
| Slaughterhouse | 1 | |
| Black Citadel | 1 | |
| Sacrificial Pit | 1 | |
| Boneyard | 3 | |
26 total
» build order
00:06 Graveyard
00:10 Crypt
00:13 Ziggurat
00:38 Altar of Darkness
00:57 Ziggurat
01:15 Nerubian Tower
01:32 Tomb of Relics
03:29 Ziggurat
04:15 Halls of the Dead
04:15 Halls of the Dead
04:15 Halls of the Dead
05:11 Ziggurat
05:57 Nerubian Tower
06:50 Slaughterhouse
07:23 Black Citadel
08:36 Sacrificial Pit
09:31 Ziggurat
09:36 Ziggurat
09:49 Boneyard
09:56 Boneyard
09:58 Boneyard
13:35 Ziggurat
13:37 Ziggurat
13:38 Ziggurat
» items
| Rod of Necromancy | 3 | |
| Sacrificial Skull | 1 | |
| Orb of Corruption | 1 | |
5 total
LivingStrong (
red | 143 APM | 1968 actions | 13:45)
4 Priestess of the Moon
2 Searing Arrows
2 Trueshot Aura
» actions
| Assign group hotkey | 70 | |
| Basic commands | 2 | |
| Build / train | 42 | |
| ESC pressed | 1 | |
| Enter build submenu | 12 | |
| Enter hero's abilities submenu | 4 | |
| Right click | 1272 | |
| Select / deselect | 147 | |
| Select group hotkey | 393 | |
| Use ability | 25 | |
1968 total
» units
» upgrades
| Strength of the Moon | 1 | |
| Moon Armor | 1 | |
| Ultravision | 1 | |
3 total
» buildings
| Altar of Elders | 1 | |
| Moon Well | 4 | |
| Ancient of War | 3 | |
| Hunter's Hall | 2 | |
| Tree of Life | 1 | |
11 total
» build order
00:04 Altar of Elders
00:17 Moon Well
01:47 Ancient of War
01:49 Hunter's Hall
01:53 Ancient of War
01:54 Hunter's Hall
02:11 Ancient of War
02:25 Moon Well
03:55 Moon Well
05:17 Moon Well
07:22 Tree of Life
» items
theSean (
blue | 93 APM | 1278 actions | 13:45)
3 Keeper of the Grove
2 Entangling Roots
1 Thorns Aura
» actions
| Assign group hotkey | 45 | |
| Basic commands | 93 | |
| Build / train | 50 | |
| Enter build submenu | 10 | |
| Enter hero's abilities submenu | 3 | |
| Remove unit from queue | 5 | |
| Right click | 657 | |
| Select / deselect | 119 | |
| Select group hotkey | 266 | |
| Use ability | 30 | |
1278 total
» units
» upgrades
| Strength of the Moon | 1 | |
| Moon Armor | 1 | |
2 total
» buildings
| Altar of Elders | 1 | |
| Moon Well | 4 | |
| Ancient of War | 2 | |
| Hunter's Hall | 1 | |
| Tree of Life | 2 | |
10 total
» build order
00:05 Altar of Elders
00:19 Moon Well
01:45 Ancient of War
01:50 Hunter's Hall
02:02 Ancient of War
02:14 Moon Well
03:56 Moon Well
04:23 Tree of Life
07:24 Moon Well
09:51 Tree of Life
» items
team 2 (loser)
7.56 (
orange | 96 APM | 1323 actions | 13:45)
2 Death Knight
1 Death Coil
1 Unholy Aura
1 Lich
1 Frost Nova
» actions
| Assign group hotkey | 16 | |
| Basic commands | 34 | |
| Build / train | 38 | |
| Enter build submenu | 21 | |
| Enter hero's abilities submenu | 3 | |
| Remove unit from queue | 1 | |
| Right click | 878 | |
| Select / deselect | 263 | |
| Select group hotkey | 36 | |
| Use ability | 33 | |
1323 total
» units
| Acolyte | 7 | |
| Ghoul | 1 | |
| Crypt Fiend | 11 | |
19 total
» upgrades
» buildings
| Graveyard | 1 | |
| Crypt | 1 | |
| Altar of Darkness | 1 | |
| Ziggurat | 7 | |
| Tomb of Relics | 1 | |
| Nerubian Tower | 1 | |
| Halls of the Dead | 1 | |
| Spirit Tower | 2 | |
| Black Citadel | 1 | |
| Sacrificial Pit | 1 | |
| Boneyard | 2 | |
19 total
» build order
00:10 Graveyard
00:22 Crypt
00:53 Altar of Darkness
01:00 Ziggurat
01:37 Tomb of Relics
02:10 Ziggurat
02:14 Nerubian Tower
03:38 Halls of the Dead
03:46 Ziggurat
04:22 Ziggurat
04:24 Ziggurat
07:24 Spirit Tower
07:26 Spirit Tower
08:23 Black Citadel
09:46 Sacrificial Pit
10:21 Ziggurat
11:40 Boneyard
11:42 Boneyard
12:11 Ziggurat
» items
| Rod of Necromancy | 1 | |
| Dust of Appearance | 1 | |
| Scroll of Town Portal | 3 | |
5 total
D3fineGreatness (
purple | 88 APM | 1160 actions | 13:14)
3 Priestess of the Moon
1 Searing Arrows
2 Trueshot Aura
» actions
| Assign group hotkey | 22 | |
| Basic commands | 63 | |
| Build / train | 33 | |
| ESC pressed | 3 | |
| Enter build submenu | 10 | |
| Enter hero's abilities submenu | 3 | |
| Right click | 570 | |
| Select / deselect | 163 | |
| Select group hotkey | 257 | |
| Use ability | 36 | |
1160 total
» units
» buildings
| Altar of Elders | 1 | |
| Moon Well | 4 | |
| Hunter's Hall | 1 | |
| Ancient of War | 2 | |
| Tree of Life | 2 | |
10 total
» build order
00:05 Altar of Elders
00:18 Moon Well
01:45 Hunter's Hall
01:49 Ancient of War
02:06 Moon Well
02:28 Ancient of War
04:15 Moon Well
04:54 Moon Well
07:22 Tree of Life
12:41 Tree of Life
» items
forgotteniegend (
pink | 83 APM | 1102 actions | 13:12)
2 Keeper of the Grove
1 Entangling Roots
1 Thorns Aura
» actions
| Basic commands | 6 | |
| Build / train | 25 | |
| Enter build submenu | 16 | |
| Enter hero's abilities submenu | 2 | |
| Right click | 794 | |
| Select / deselect | 205 | |
| Use ability | 54 | |
1102 total
» units
» buildings
| Altar of Elders | 2 | |
| Moon Well | 6 | |
| Hunter's Hall | 1 | |
| Ancient of War | 2 | |
| Ancient of Wonders | 1 | |
| Tree of Ages | 1 | |
| Ancient Protector | 2 | |
| Tree of Life | 1 | |
16 total
» build order
00:09 Altar of Elders
00:18 Moon Well
01:51 Hunter's Hall
01:55 Ancient of War
02:05 Moon Well
02:30 Ancient of War
02:48 Ancient of Wonders
03:34 Moon Well
04:15 Moon Well
06:21 Tree of Ages
09:12 Ancient Protector
09:15 Altar of Elders
09:22 Moon Well
09:28 Ancient Protector
10:02 Moon Well
11:36 Tree of Life
» items
| Lesser Clarity Potion | 1 | |
| Dust of Appearance | 1 | |
2 total
Chat log
(00:14 / Allies) theSean: lol
(00:15 / Allies) theSean: they suck
(00:19 / Allies) I.Love.Big.Tits: good
(00:22 / Allies) theSean: d3fine 0 micro
(00:23 / Allies) theSean: with hunts
(00:26 / All) D3fineGreatness: gl hf
(00:28 / All) theSean: u2
(00:32 / All) theSean: its movie d3fine =D
(00:35 / All) LivingStrong: its imlcro HI
(00:37 / All) theSean: gl hf broski
(00:47 / All) forgotteniegend: movie
(00:49 / All) forgotteniegend: its apg
(00:53 / All) theSean: sup
(00:55 / Allies) theSean: who?
(00:55 / Allies) theSean: lol
(00:57 / Allies) LivingStrong: lol
(01:02 / All) LivingStrong: assist per game?
(01:05 / All) theSean: haha
(01:20 / Allies) theSean: no hero
(01:21 / Allies) theSean: ?
(01:22 / Allies) I.Love.Big.Tits: wispy wisp
(01:25 / Allies) I.Love.Big.Tits: comin to u blue
(01:27 / Allies) theSean: maybe tav
(01:28 / Allies) theSean: zzz
(01:28 / Allies) LivingStrong: im sur ehes making a hero sean
(01:29 / Allies) LivingStrong: lol
(01:35 / Allies) theSean: im sayin maybe tav RETARD
(01:37 / Allies) LivingStrong: nope
(01:38 / Allies) LivingStrong: u are tard
(01:39 / Allies) theSean: d
(02:00 / Allies) theSean: walk to well
(02:04 / Allies) theSean: at start
(02:05 / Allies) theSean: bring wispy
(02:37 / Allies) theSean: together walk
(03:09 / Allies) theSean: b up
(03:13 / Allies) theSean: kotg gonna come
(04:00 / Allies) I.Love.Big.Tits: expo
(04:06 / Allies) theSean: k
(04:06 / Allies) I.Love.Big.Tits: wood me
(04:47 / Allies) theSean: zzz
(04:55 / Allies) I.Love.Big.Tits: omw
(05:04 / Allies) theSean: aco
(05:04 / Allies) theSean: him
(05:10 / Allies) LivingStrong: uhh ok
(05:23 / Allies) theSean: b up
(05:35 / Allies) theSean: gj
(05:54 / Allies) LivingStrong: 3 aco down
(05:56 / Allies) LivingStrong: 4
(06:02 / Allies) LivingStrong: 5
(06:11 / Allies) theSean: gj pro
(06:22 / Allies) theSean: expo up soon
(06:26 / Allies) theSean: omw
(06:37 / All) I.Love.Big.Tits: sec plz
(06:40 / Allies) LivingStrong: LOL
(06:42 / Allies) theSean: yea they all do
(06:42 / All) theSean: manner
(06:44 / All) theSean: ur comparing sports to wc? LOL
(06:49 / All) 7.56: copetition
(07:00 / Allies) LivingStrong: b
(07:04 / Allies) LivingStrong: b
(07:08 / Allies) theSean: go
(07:09 / Allies) theSean: gj
(07:10 / Allies) theSean: perfect
(07:14 / Allies) LivingStrong: wood me
(07:16 / Allies) theSean: go there
(07:16 / Allies) theSean: denny
(07:54 / Allies) theSean: raped
(08:13 / Allies) LivingStrong: brt
(08:14 / Allies) theSean: b
(08:17 / Allies) LivingStrong: go
(08:51 / Allies) theSean: got potm
(08:54 / Allies) LivingStrong: got kotg
(08:57 / Allies) theSean: ;D
(09:03 / Allies) theSean: pros at work
(09:05 / Allies) LivingStrong: yep
(09:11 / Allies) theSean: lol
(09:15 / Allies) LivingStrong: hall
(09:20 / Allies) theSean: too many twr
(09:37 / Allies) theSean: we can end
(09:38 / Allies) theSean: ez
(09:39 / Allies) LivingStrong: yep
(09:42 / Allies) theSean: together
(09:46 / Allies) LivingStrong: oj up tehre
(09:58 / Allies) theSean: ima re expo
(10:01 / Allies) LivingStrong: i have no tp
(10:03 / Allies) theSean: we have so much
(10:04 / Allies) theSean: lmfao
(10:13 / Allies) LivingStrong: i have no tp btw
(10:14 / Allies) LivingStrong: remember that please
(10:15 / Allies) theSean: k
(10:16 / Allies) theSean: lol
(10:18 / Allies) theSean: no
(10:19 / Allies) theSean: i blame
(10:20 / Allies) theSean: u
(10:22 / Allies) LivingStrong: f u f
(10:33 / Allies) LivingStrong: sigh towers
(10:42 / Allies) LivingStrong: aow
(10:42 / Allies) theSean: hall
(10:43 / Allies) theSean: hall
(10:44 / Allies) theSean: hall
(10:45 / Allies) LivingStrong: hall
(10:51 / Allies) theSean: hall
(10:52 / Allies) theSean: no matter
(10:53 / Allies) theSean: what
(10:55 / Allies) LivingStrong: ..
(11:00 / Allies) theSean: lol
(11:02 / Allies) theSean: b up now
(11:07 / Allies) LivingStrong: GET THE HALL
(11:12 / Allies) theSean: dk
(11:14 / Allies) theSean: dk
(11:14 / Allies) theSean: lol
(11:17 / Allies) theSean: b
(11:18 / Allies) theSean: im out
(11:28 / Allies) theSean: gj
(11:29 / Allies) theSean: though
(11:30 / Allies) theSean: lmao
(11:30 / Allies) LivingStrong: WHY
(11:31 / Allies) LivingStrong: LOL
(11:35 / Allies) theSean: WTF
(11:36 / Allies) theSean: NO TP?
(11:37 / Allies) theSean: LOL
(11:39 / Allies) LivingStrong: FUCK YOU LOL
(11:40 / Allies) theSean: NOOB
(11:41 / Allies) theSean: LOL
(11:55 / Allies) theSean: grabbin a tp
(11:56 / Allies) theSean: at uds
(11:57 / Allies) theSean: omw
(11:58 / Allies) theSean: in sec
(12:01 / Allies) theSean: lmao
(12:01 / Allies) theSean: we won
(12:03 / Allies) theSean: wyrms
(12:05 / Allies) LivingStrong: going to get tp too
(12:18 / Allies) theSean: lets
(12:18 / Allies) theSean: end
(12:19 / Allies) I.Love.Big.Tits: feed
(12:39 / Allies) LivingStrong: ZIOMG
(12:39 / Allies) theSean: turn
(12:47 / Allies) theSean: go
(12:54 / Allies) LivingStrong: GO
(13:02 / Allies) I.Love.Big.Tits: GO
(13:09 / All) LivingStrong: gg
(13:11 / All) forgotteniegend: gg
(13:13 / Allies) theSean: potm
(13:17 / Allies) LivingStrong: LOL
(13:20 / All) LivingStrong: "competition"